 Dungeon Crawl Stone Soup version 0.27.1-33-g824d729ab1 (webtiles) character file.

Game seed: 12119615392837369382

98 Descartes the Sneak (level 4, -2/19 HPs)
             Began as a Felid Warper on Nov 28, 2021.
             Slain by Pikel (9 damage)
             ... in the Ecumenical Temple.
             The game lasted 00:16:05 (5498 turns).

Descartes the Sneak (Felid Warper)                  Turns: 5498, Time: 00:16:06

Health: -2/19      AC:  1    Str:  8    XL:     4   Next: 43%
Magic:  4/8        EV: 19    Int: 14    God:
Gold:   25         SH:  0    Dex: 16    Spells: 4/7 levels left
                                        Lives:  0   Deaths: 1

rFire    . . .     SeeInvis +     - Unarmed
rCold    . . .     Faith    .   (shield unavailable)
rNeg     . . .     Spirit   .   (armour unavailable)
rPois    .         Reflect  .   (helmet unavailable)
rElec    .         Harm     .   (cloak unavailable)
rCorr    .         Rampage  .   (gloves unavailable)
Will     .....                  (boots unavailable)
Stlth    +++.......             c - amulet of magic regeneration
HPRegen  0.06/turn              (no ring)
MPRegen  0.36/turn              (no ring)

@: quick
A: very small, claws 1, fangs 3, see invisible, speed 1, shaggy fur 1, stealthy
paws, no weapons or thrown items, no armour, multi-lived
a: no special abilities


You were in the Ecumenical Temple.
You visited 2 branches of the dungeon, and saw 5 of its levels.

You collected 25 gold pieces.

Inventory:

Missiles
 q - 48 stones
Jewellery
 c - an amulet of magic regeneration (around neck)
 g - an amulet of the acrobat
Scrolls
 a - 2 scrolls of blinking
 d - a scroll of fear
 f - a scroll of enchant armour {unknown}
 l - a scroll of enchant weapon {unknown}
 m - a scroll of magic mapping {unknown}
 r - a scroll of silence {unknown}
 t - a scroll of vulnerability {unknown}
Potions
 e - a potion of attraction {unknown}
 h - 2 potions of invisibility {unknown}
 i - a potion of cancellation {unknown}
 k - a potion of heal wounds {unknown}
 n - 2 potions of might {unknown}
 o - a potion of mutation {unknown}
 p - a potion of haste {unknown}
 s - a potion of brilliance {unknown}
 u - a potion of flight {unknown}


   Skills:
 - Level 2.0 Fighting
 + Level 4.8 Dodging
 - Level 5.0 Stealth
 + Level 2.6 Unarmed Combat
 - Level 2.0 Spellcasting
 - Level 4.4 Translocations
 + Level 1.8 Fire Magic


You had 4 spell levels left.
You knew the following spells:

 Your Spells              Type           Power      Damage    Failure   Level
a - Blink                 Tloc           N/A        N/A       6%          2
b - Foxfire               Conj/Fire      12%        2x1d4     17%         1

Your spell library contained the following spells:

 Spells                   Type           Power      Damage    Failure   Level
 Gell's Gravitas          Tloc           6%         N/A       12%         3
 Lesser Beckoning         Tloc           6%         N/A       12%         3
 Teleport Other           Tloc           13%        N/A       12%         3
 Conjure Flame            Conj/Fire      3%         6-21      45%         3
 Inner Flame              Hex/Fire       3%         N/A       45%         3
 Dazzling Flash           Conj/Hex       2%         N/A       56%         3
 Stone Arrow              Conj/Erth      2%         3d7       56%         3
 Airstrike                Air            0%         N/A       93%         4
 Summon Lightning Spire   Summ/Air       1%         N/A       93%         4
 Manifold Assault         Tloc           13%        N/A       73%         5
 Bolt of Magma            Conj/Fire/Erth 1%         4d4       99%         5
 Agony                    Necr           1%         N/A       100%        5
 Lightning Bolt           Conj/Air       0%         1d11      100%        5
 Silence                  Hex/Air        0%         N/A       100%        5
 Shatter                  Erth           0%         3d5*      100%        9


Dungeon Overview and Level Annotations

Branches:
Dungeon (4/15)             Temple (1/1) D:4

Altars:
Cheibriados
Hepliaklqana
Makhleb
Qazlal
Vehumet
Wu Jian
Zin
The Shining One

Annotations:
D:3 2 transporters, Cykl0x's ghost, amateur GrTm; Ijyb
Temple Pikel


Innate Abilities, Weirdness & Mutations

You have sharp claws.
You have razor-sharp teeth.
You have supernaturally acute eyesight. (SInv)
You cover ground quickly. (Speed+)
You are covered in fur. (AC +1)
Your paws help you pounce on unaware monsters.
You are incapable of wielding weapons or throwing items.
You cannot wear armour.
You gain extra lives every three experience levels.


Message History

Casting: Foxfire (safe; 17% risk of failure)
Confirm with . or Enter, or press ? or * to list all spells.
You blink.
Casting: Blink (safe; 6% risk of failure)
Confirm with . or Enter, or press ? or * to list all spells.
You blink.
Found a stormy altar of Qazlal.
Casting: Blink (safe; 6% risk of failure)
Confirm with . or Enter, or press ? or * to list all spells.
You conjure some foxfire!
Casting: Foxfire (safe; 17% risk of failure)
Confirm with . or Enter, or press ? or * to list all spells.
You conjure some foxfire!
The foxfire hits Pikel.
Pikel is lightly wounded.
The foxfire hits Pikel.
Pikel is lightly wounded.
Casting: Foxfire (safe; 17% risk of failure)
Confirm with . or Enter, or press ? or * to list all spells.
You blink.
The foxfire hits Pikel but does no damage.
Pikel is lightly wounded.
The foxfire hits Pikel but does no damage.
Pikel is lightly wounded.
As you read the scroll labelled JIDAUM NILUTOFF, it crumbles to dust.
Your body is wracked with pain!
Pikel convulses!
It was a scroll of torment.
You scratch Pikel. Your bite misses Pikel.
Pikel is heavily wounded.
You closely miss Pikel.
Pikel is heavily wounded.
Pikel completely misses you.
You barely miss Pikel. Your bite misses Pikel.
Pikel is heavily wounded.
Pikel hits you with a +2 whip of freezing.
Pikel freezes you.
You closely miss Pikel.
Pikel is heavily wounded.
Pikel completely misses you.
You scratch Pikel but do no damage.
Pikel is heavily wounded.
Pikel hits you with a +2 whip of freezing!
You die...

≈....._.....≈≈≈≈≈≈≈
≈≈≈._....._.≈≈≈≈≈≈≈≈
≈≈≈≈.........≈≈≈≈≈≈≈≈
≈≈≈≈≈...≈≈≈...≈≈≈≈≈≈≈≈
≈≈≈≈≈...≈≈≈≈≈...≈≈≈≈≈≈≈
≈≈≈≈...≈≈...≈≈...≈≈≈≈≈≈
≈≈≈≈......_......≈≈≈≈≈≈
≈≈≈.._.....K..._..≈≈≈≈≈
≈≈≈≈......@≈≈≈...≈≈≈≈≈≈
≈≈≈≈≈≈≈...≈≈≈≈≈≈≈≈≈≈≈≈≈
≈≈≈≈≈≈...≈≈≈≈≈≈≈≈≈≈≈≈≈≈
≈≈≈≈≈...≈≈≈≈≈≈≈≈≈≈≈≈≈≈≈
≈≈≈≈≈...≈≈≈≈≈≈≈≈≈≈≈≈≈≈
≈≈≈≈≈≈..§≈≈≈≈≈≈≈≈≈≈≈≈≈
≈≈≈≈≈≈≈.§§≈≈≈≈≈≈≈≈≈
≈≈≈≈≈...§.......≈≈
≈≈≈≈..8.§.<...8..≈


You could see Pikel.

Vanquished Creatures
  Crazy Yiuf (D:3)
  An orc wizard (D:4)
  4 gnolls (D:1)
  2 adders (D:2)
  2 worms
  2 dart slugs
  8 orcs
  2 endoplasms
  4 giant cockroaches
  4 goblins
  6 hobgoblins
  3 quokkas
  4 ball pythons (D:1)
  8 bats
  2 frilled lizards (D:1)
  9 kobolds
  6 rats
68 creatures vanquished.

Vanquished Creatures (others)
  267 foxfires
267 creatures vanquished.

Grand Total: 335 creatures vanquished

Notes
Turn   | Place    | Note
-------+----------+-------------------------------------------
     0 | D:1      | Descartes the Felid Warper began the quest for the Orb.
     0 | D:1      | Reached XP level 1. HP: 9/9 MP: 4/4
    23 | D:1      | Reached skill level 1 in Stealth
   248 | D:1      | Found a faded altar of an unknown god.
   354 | D:1      | Reached XP level 2. HP: 11/13 MP: 6/6
   491 | D:1      | Learned a level 2 spell: Blink
   493 | D:1      | Learned a level 1 spell: Foxfire
   535 | D:1      | Reached skill level 2 in Stealth
  1368 | D:1      | Reached skill level 3 in Stealth
  1368 | D:1      | Reached XP level 3. HP: 7/16 MP: 4/7
  1912 | D:1      | Reached skill level 1 in Fire Magic
  2173 | D:1      | Reached XP level 4. HP: 19/19 MP: 3/8
  2414 | D:2      | Reached skill level 4 in Stealth
  3418 | D:3      | Found a transporter.
  3993 | D:3      | Found a runed translucent door.
  3994 | D:3      | Noticed Crazy Yiuf
  4099 | D:3      | Found a transporter.
  4104 | D:3      | Noticed Cykl0x's ghost (amateur GrTm)
  4244 | D:3      | Found a burning altar of Makhleb.
  4435 | D:3      | Killed Crazy Yiuf
  4436 | D:3      | Reached XP level 5. HP: 22/22 MP: 5/9
  4614 | D:4      | Noticed Ijyb
  4617 | D:4      | Noticed a steam dragon
  4987 | D:4      | Reached skill level 5 in Stealth
  5379 | D:3      | Killed from afar by Ijyb
  5380 | D:3      | Reached XP level 4. HP: -2/19 MP: 3/8
  5432 | D:4      | Noticed a lemure
  5433 | D:4      | Found a staircase to the Ecumenical Temple.
  5440 | D:4      | Noticed a lemure
  5440 | D:4      | Noticed a lemure
  5440 | D:4      | Noticed Pikel
  5442 | D:4      | Noticed a lemure
  5475 | Temple   | Entered the Ecumenical Temple
  5498 | Temple   | Slain by Pikel

Illustrated notes

Levels and vault maps discovered:
D:1:      heliophobic_arrival_henge, layout_loops_ring,
          hellmonk_ecumenical_altar_leap_of_faith, nrook_mini_vaults
D:2:      layout_loops_cross
D:3:      layout_loops_ring, overflow_temple_1_default,
          gammafunk_ghost_stat_death, uniq_crazy_yiuf_cottage
D:4:      layout_basic, minmay_temple_entry_slanted, minmay_misc_feat_roman,
          uniq_ijyb, uniq_pikel
Temple:   eino_temple_water

Skill      XL: |  1  2  3  4  5 |
---------------+----------------+-----
Stealth        | 1 3 4 5 |  5.0
Dodging        | 4 |  4.8
Fire Magic     | 1 |  1.8
Fighting       | |  2.0
Unarmed Combat | |  2.6
Spellcasting   | |  2.0
Translocations | |  4.4

Action                   |  1- 3 |  4- 6 || total
-------------------------+-------+-------++-------
Melee: Unarmed           |    61 |    59 ||   120
       Bite              |     3 |     6 ||     9
 Cast: Foxfire           |    44 |   114 ||   158
       Blink             |       |    11 ||    11
  Use: Scroll            |       |     3 ||     3
 Stab: Sleeping          |     4 |     3 ||     7
Armor: Skin              |     7 |     5 ||    12
Dodge: Dodged            |    75 |    90 ||   165
